 Dungeon Crawl Stone Soup version 0.32-a0-86-g8db1b9f803 (webtiles) character file.

Game seed: 14655855533731466232

92 Ceno the Digger (level 4, 0/21 HPs)
             Began as a Vine Stalker Earth Elementalist on Feb 6, 2024.
             Slain by a cerulean imp
             ... wielding a +2 spear
             ... summoned by Natasha
              (1 damage)
             ... on level 2 of the Dungeon.
             The game lasted 00:05:39 (1289 turns).

Ceno the Digger (Vine Stalker Earth Elementalist)   Turns: 1289, Time: 00:05:41

Health: 0/21       AC:  3    Str: 10    XL:     4   Next: 60%
Magic:  0/9        EV: 12    Int: 15    God:
Gold:   115        SH:  0    Dex: 17    Spells: 2/9 levels left

rFire   . . .        c - +0 dagger
rCold   . . .        (no shield)
rNeg    . . .        a - +0 robe
rPois   .            n - +0 helmet
rElec   .            (no cloak)
rCorr   .            (no gloves)
SInv    .            (no boots)
Will    .....        f - amulet of the acrobat
Stlth   +++          (no ring)
HPRegen 1.03/turn    (no ring)
MPRegen 0.11/turn

%: acrobat, guardian spirit
@: no status effects
A: fangs 2, regeneration 1, magic shield, antimagic bite, no potion heal 2
a: no special abilities


You were on level 2 of the Dungeon.
You visited 1 branch of the dungeon, and saw 2 of its levels.

You collected 115 gold pieces.

Inventory:

Hand Weapons
 c - a +0 dagger (weapon)
Missiles
 d - 10 stones (quivered)
Armour
 a - a +0 robe (worn)
 n - a +0 helmet (worn)
Jewellery
 f - an amulet of the acrobat (around neck)
 m - a ring of ice
Scrolls
 b - a scroll of immolation {unknown}
 e - 2 scrolls of teleportation {unknown}
 i - a scroll of amnesia {unknown}
 k - a scroll of identify {unknown}
Potions
 g - a potion of haste {unknown}
 h - a potion of brilliance {unknown}
 j - a potion of curing {unknown}
 l - a potion of mutation {unknown}


   Skills:
 - Level 1.5 Dodging
 + Level 3.6 Stealth
 + Level 3.0 Spellcasting
 + Level 2.1 Conjurations
 + Level 3.6 Earth Magic


You had 2 spell levels left.
You knew the following spells:

 Your Spells              Type           Power      Damage    Failure   Level
a - Sandblast             Erth           26%        2d8       4%          1
b - Passwall              Erth           13%        N/A       13%         3
c - Stone Arrow           Conj/Erth      22%        3d8       19%         3

Your spell library contained the following spells:

 Spells                   Type           Power      Damage    Failure   Level
 Mercury Vapours          Alch/Air       4%         N/A       30%         2
 Mephitic Cloud           Conj/Alch/Air  4%         N/A       41%         3
 Brom's Barrelling Bould  Conj/Erth      11%        2d3       52%         4
 Petrify                  Alch/Erth      7%         N/A       67%         4
 Freezing Cloud           Conj/Ice/Air   2%         6-21      99%         5


Dungeon Overview and Level Annotations

Branches:
Dungeon (2/15)

Altars:

Annotations:
D:2 Natasha


Innate Abilities, Weirdness & Mutations

You have extremely sharp teeth.
Your natural rate of healing is unusually fast.
When hurt, damage is shared between your health and your magic reserves.
Your bite disrupts and absorbs the magic of your enemies.
Potions cannot restore your health.


Message History

You barely miss Natasha. You bite Natasha, but do no damage.
Natasha is almost dead.
Natasha barely misses you.
You hit Natasha but do no damage.
Natasha is almost dead.
Natasha claws you but does no damage.
You hit Natasha but do no damage. You bite Natasha.
You kill Natasha!
Natasha screams in pain as she dies!
Your Spellcasting skill increases to level 3!
b - a scroll labelled KALLAL COIFAUHUA You see here a +0 robe.
Natasha, Servant of Life and Death comes into view.
Natasha casts a spell at you. The magic dart hits you.
Natasha mumbles some strange words.
Natasha's front paws start to glow.
Natasha mumbles some strange words.
You hit the cerulean imp but do no damage.
Natasha mumbles some strange words.
The cerulean imp hits you with a +2 spear.
You barely miss the cerulean imp. You bite the cerulean imp.
You drain its power.
The cerulean imp is lightly wounded.
Natasha claws you.
The cerulean imp hits you with a +2 spear.
The cerulean imp hits you from afar with a +1 spear.
You hit Natasha but do no damage.
Natasha mumbles some strange words.
The cerulean imp hits you with a +2 spear.
The cerulean imp hits you from afar with a +1 spear.
* * * LOW HITPOINT WARNING * * *
You hit Natasha but do no damage. You punch Natasha.
Natasha is lightly wounded.
Natasha claws you!
* * * LOW HITPOINT WARNING * * *
The cerulean imp hits you from afar with a +1 spear.
* * * LOW HITPOINT WARNING * * *
The cerulean imp hits you with a +2 spear.
You die...

#..# .# #..#
...#######.# #..#
##..)......# #..#
########..# #..# #..#
#..# #..# #.[# ######..#
#..## ####.......# #...#
.....####.## #.5@#
###### #.#
#..h############### #.#
#.5†..............#
#.#####5##############.#
#†#...#.# #.# #.....#.#
#.## ###...#.# #...
##.##.# #..# #.##.#
####.##


You could see Natasha and 3 cerulean imps.

Vanquished Creatures
  Natasha (D:2)
  3 adders (D:2)
  A ribbon worm (D:2)
  3 endoplasms
  6 giant cockroaches
  3 goblins
  3 kobolds
  A quokka (D:1)
  5 ball pythons
  5 bats
  4 frilled lizards (D:1)
  6 rats
41 creatures vanquished.

Notes
Turn   | Place    | Note
-------+----------+-------------------------------------------
     0 | D:1      | Ceno the Vine Stalker Earth Elementalist began the quest
                  | for the Orb.
     0 | D:1      | Reached XP level 1. HP: 9/9 MP: 4/4
   301 | D:1      | Reached XP level 2. HP: 12/13 MP: 6/6
   683 | D:2      | Reached XP level 3. HP: 16/16 MP: 7/7
   687 | D:2      | Learned a level 3 spell: Passwall
   693 | D:2      | Learned a level 3 spell: Stone Arrow
  1206 | D:2      | Reached XP level 4. HP: 12/21 MP: 7/9
  1250 | D:2      | Noticed Natasha
  1265 | D:2      | Killed Natasha
  1282 | D:2      | Noticed Natasha
  1289 | D:2      | HP: 1/21 [cerulean imp/+1 spear[Natasha] (1)]
  1289 | D:2      | Slain by a cerulean imp

Illustrated notes

Levels and vault maps discovered:
D:1:      scummos_arrival_simple_crosswalls, layout_basic
D:2:      layout_loops_ring, minmay_close_crescents, uniq_natasha

Skill      XL: |  1  2  3  4 |
---------------+-------------+-----
Stealth        | 3 |  3.6
Conjurations   | 2 |  2.1
Spellcasting   | 3 |  3.0
Dodging        | |  1.5
Earth Magic    | |  3.6

Action                     |  1- 3 |  4- 6 || total
---------------------------+-------+-------++-------
  Melee: Dagger            |    54 |    31 ||    85
         Unarmed           |     5 |       ||     5
         Bite              |    11 |     5 ||    16
         Punch             |     1 |     3 ||     4
   Cast: Sandblast         |    24 |     1 ||    25
         Passwall          |     2 |       ||     2
    Use: Potion            |     1 |       ||     1
   Stab: Sleeping          |     7 |       ||     7
 Armour: Robe              |    67 |    28 ||    95
  Dodge: Dodged            |    67 |    24 ||    91

Table legend: (Time is in decaauts)
 A = Elapsed time spent in this place.
 B = Non-inter-level travel time spent in this place.
 C = Inter-level travel time spent in this place.
 D = Time resting spent in this place.
 E = Time spent auto-exploring this place.
 F = Levels seen in this place.
 G = Mean time per level.
                   A        B        C        D        E       F      G
               +--------+--------+--------+--------+--------+-----+--------+
         Total |   1300 |   1278 |     22 |      4 |    703 |   2 |  650.0 |
       Dungeon |   1300 |   1278 |     22 |      4 |    703 |   2 |  650.0 |
               +--------+--------+--------+--------+--------+-----+--------+

Top non-repeatable levels by time:
     D:1: 683 daAuts
     D:2: 617 daAuts
